 Dungeon Crawl Stone Soup version 0.31-a0-187-gba352fbbf7 (webtiles) character file.

Game seed: 10657833556548316904

188664 qw the Acrobat (level 17, -7/113 HPs)
             Began as a Deep Elf Hunter on June 22, 2023.
             Was a High Priest of Okawaru.
             Killed from afar by a nagaraja (10 damage)
             ... with a poison arrow
             ... on level 4 of the Snake Pit.
             The game lasted 00:15:01 (26087 turns).

qw the Acrobat (Deep Elf Hunter)                   Turns: 26087, Time: 00:15:01

Health: -7/113     AC: 19    Str: 17    XL:     17   Next: 92%
Magic:  35/35      EV: 35    Int: 26    God:    Okawaru [*****.]
Gold:   1595       SH:  0    Dex: 32    Spells: 16/16 levels left

rFire   + + +        d - +8 storm bow {elec, penet}
rCold   + . .        (shield currently unavailable)
rNeg    . . .        C - +3 leather armour of Vampiric Thralls {Rampage rC+ MP+9 Str+3}
rPois   +            w - +2 helmet
rElec   .            f - +2 cloak of the Thief {*Fog Slay-2 SInv Stlth+}
rCorr   +            l - +2 pair of gloves
SInv    +            a - +1 pair of boots "Savophes" {rPois rF++}
Will    +....        B - amulet of Pohofarch {Faith rF- rCorr Int+6 Dex+2}
Stlth   ++++         y - ring "Ydghaym" {rF++ Int+3 Dex+6}
HPRegen 0.38/turn    v - +6 ring of dexterity
MPRegen 0.24/turn

%: rampage, faith
@: lethally poisoned (-7 -> -32), about to teleport, slowed, constricted, very
slow
A: no striking features
a: Renounce Religion, Heroism, Finesse, Duel


You were on level 4 of the Snake Pit.
You worshipped Okawaru.
Okawaru was extremely pleased with you.
You visited 5 branches of the dungeon, and saw 29 of its levels.
You also visited: Gauntlet.

You collected 3497 gold pieces.
You spent 1902 gold pieces at shops.


   Skills:
 - Level 15.0 Fighting
 + Level 21.9 Ranged Weapons
 - Level 8.0 Armour
 - Level 22.0 Dodging
 - Level 1.2 Stealth
 - Level 10.1 Invocations


You had 16 spell levels left.
You didn't know any spells.
Your spell library was empty.

Inventory:

Hand Weapons
 d - the +8 storm bow (weapon) {elec, penet}
   (You acquired it on level 1 of the Dungeon)
Armour
 a - the +1 pair of boots "Savophes" (worn) {rPois rF++}
   (You acquired it on level 1 of the Dungeon)

   rF:        It greatly protects you from fire.
   rPois:     It protects you from poison.
 c - the +2 pair of boots of Tenacity {rPois Str+3}
   (You found it in a Gauntlet)

   Str:       It affects your strength (+3).
   rPois:     It protects you from poison.
 f - the +2 cloak of the Thief (worn) {*Fog Slay-2 SInv Stlth+}
   (You found it on level 3 of the Dungeon)

   *Fog:      It may release a thick cloud of smoke when the wearer is hurt.
   Slay:      It affects your accuracy & damage with ranged weapons and melee
   (-2).
   SInv:      It lets you see invisible.
   Stlth:     It makes you more stealthy.
 l - a +2 pair of gloves (worn)
 o - the +0 pair of gloves "Quululap" {rF+ Str+3}
   (You found it in a Gauntlet)

   Str:       It affects your strength (+3).
   rF:        It protects you from fire.
 w - a +2 helmet (worn)
 z - a +1 leather armour of fire resistance
 A - the +1 pair of boots of the Slug {*Slow Str+8 SInv Stlth+}
   (Okawaru gifted it to you on level 2 of the Orcish Mines)

   Str:       It affects your strength (+8).
   SInv:      It lets you see invisible.
   *Slow:     It may slow you when you take damage.
   Stlth:     It makes you more stealthy.
 C - the +3 leather armour of Vampiric Thralls (worn) {Rampage rC+ MP+9 Str+3}
   (You bought it in a shop on level 2 of the Orcish Mines)

   Str:       It affects your strength (+3).
   rC:        It protects you from cold.
   MP:        It affects your magic capacity (+9).
   Rampage:   It bestows one free step when moving towards enemies.
 E - +0 swamp dragon scales
 F - a +0 leather armour of positive energy
Jewellery
 m - a ring of willpower
 s - an amulet of reflection
 v - a +6 ring of dexterity (right hand)
 y - the ring "Ydghaym" (left hand) {rF++ Int+3 Dex+6}
   (You took it off a minotaur in a Gauntlet)

   [ring of dexterity]

   Int:       It affects your intelligence (+3).
   Dex:       It affects your dexterity (+6).
   rF:        It greatly protects you from fire.
 B - the amulet of Pohofarch (around neck) {Faith rF- rCorr Int+6 Dex+2}
   (You bought it in a shop on level 2 of the Orcish Mines)

   [amulet of faith]

   It allows you to gain divine favour quickly.
   Int:       It affects your intelligence (+6).
   Dex:       It affects your dexterity (+2).
   rF:        It makes you vulnerable to fire.
   rCorr:     It protects you from acid and corrosion.
 Y - the ring of Polytheism {rF+ Dex+6}
   (You found it on level 1 of the Lair of Beasts)

   [ring of dexterity]

   Dex:       It affects your dexterity (+6).
   rF:        It protects you from fire.
Wands
 n - a wand of digging (7)
Scrolls
 e - 11 scrolls of identify
 g - 9 scrolls of teleportation
 r - 3 scrolls of enchant weapon
 t - 2 scrolls of enchant armour
 D - a scroll of brand weapon
Potions
 b - 7 potions of haste
 h - 4 potions of might
 i - a potion of magic
 j - 4 potions of cancellation
 k - 3 potions of resistance
 p - 11 potions of curing
 q - a potion of heal wounds
 u - 4 potions of enlightenment
 x - 6 potions of mutation

Dungeon Overview and Level Annotations

Branches:
Dungeon (15/15)            Temple (0/1) D:6            Lair (5/5) D:11
  Swamp (3/4) Lair:2        Snake (4/4) Lair:2        Slime (0/5) Lair:4
    Orc (2/2) D:10            Elf (0/3) Orc:2        Vaults (0/5) D:14
 Depths (0/4) D:15        Gauntlet (visited)

Altars:
Dithmenos
Gozag
Hepliaklqana
Kikubaaqudgha
Nemelex Xobeh
Okawaru
Qazlal
Ru
Uskayaw
Vehumet
Wu Jian
Xom
Zin
The Shining One

Shops:
D:3 *   D:4 ?   D:9 :   D:11 [=   D:12 *   Orc:2 !:(*(*:*   Snake:2 :

Portals:
Bazaar: D:11

Annotations:
D:6 3 runed translucent doors, qw's ghost, novice NaHu
D:11 1 runed translucent door, qw's ghost, journeyman GrFi
Snake:4 1 runed translucent door, qw's ghost, adept GrFi


Message History

You shoot an arrow. The naga sharpshooter shouts!
The arrow pierces through the nagaraja.
The nagaraja is severely wounded.
You feel like a meek peon again.
You feel extremely sick.
You hear a shout! x2
The guardian serpent coils itself and waves its upper body at you.
The naga completely misses you. The nagaraja spits poison at you.
The splash of poison misses you. The nagaraja constricts you.
The sea snake closely misses you.
The guardian serpent completely misses you.
The sea snake completely misses you. The naga completely misses you.
The naga sharpshooter moves out of view.
26086 ||| DRINKING 2 potions of heal wounds.
You feel much better.
You are no longer firmly anchored in space.
You feel extremely sick. The nagaraja closely misses you.
The nagaraja constricts you. The guardian serpent barely misses you.
The sea snake completely misses you.
The sea snake bites you but does no damage.
The nagaraja hits you with a +0 whip of electrocution!
The nagaraja constricts you.
The guardian serpent completely misses you.
The naga completely misses you. The sea snake completely misses you.
The sea snake bites you!
With a swish of your cloak, you release a cloud of fog.
The nagaraja completely misses you. The nagaraja constricts you.
26087 ||| READING 10 scrolls of teleportation.
As you read the scroll of teleportation, it crumbles to dust.
You feel strangely unstable.
You feel very sick.
The guardian serpent coils itself and waves its upper body at you.
You resist with almost no effort. The sea snake completely misses you.
The nagaraja gestures at you while chanting.
The poison arrow hits you!
You are more poisoned.
You partially resist.
You die...

.....#......#
....##.....##~.~~~~~~..
###.##....##~~.~~~~~~.#
...####(#.# ~~...~~~~.#
#######...## ~~~......
#.##.#.#.# ~~.¤~~.
#.###...## ~N¤¤####
##.###...### #SS¤#..#
#....##.!).## #@N##..#
#.....##....###SN#...#
##.....####...¤¤##...#
#.........##...##.)..#
#..........#####.....#
####................##
#####.###........#####
.......#########.#
.##.....########.####


You could see 2 nagarajas, 2 sea snakes, a guardian serpent and a naga.

Vanquished Creatures
  Mara (Snake:4)
  Rupert (Lair:5)
  Frances (Snake:2)
  Agnes (D:15)
  6 nagarajas
  Kirke (Snake:2)
  Louise (Snake:4)
  A minotaur (Gauntlet)
  3 bunyips
  Erolcha (D:12)
  4 catoblepae
  3 vault guards (D:14)
  8 hydras
  A ghost crab (Swamp:3)
  5 centaur warriors
  A salamander tyrant (Snake:3)
  11 anacondas
  A death knight (D:14)
  5 alligators
  A two-headed ogre (D:12)
  2 boulder beetles (D:15)
  2 tengu warriors
  10 death yaks (Lair:5)
  21 naga warriors
  3 demonic crawlers (D:15)
  An orc high priest (Orc:1)
  9 shock serpents
  9 naga sharpshooters
  A sun demon (Gauntlet)
  Amaemon (D:10)
  A salamander mystic (Snake:4)
  8 skeletal warriors
  A skyshark (Lair:5)
  2 deep trolls (D:15)
  3 goliath frogs
  3 sea snakes (Snake:4)
  3 spriggan druids
  A bog body (Swamp:2)
  5 orc knights
  6 swamp dragons
  5 naga ritualists
  A phantasmal warrior (D:14)
  A harpy (shapeshifter) (D:15)
  5 wizards
  4 deep elf pyromancers
  A necromancer (D:14)
  14 ugly things
  5 will-o-the-wisps
  9 mana vipers
  6 cyclopes
  12 salamanders
  5 manticores
  8 guardian serpents
  34 black mambas
  6 elephants (Lair:1)
  2 gargoyles
  19 naga magi
  A torpor snail (Lair:1)
  13 cane toads
  A hellion (Gauntlet)
  An orange demon (D:10)
  2 freezing wraiths
  4 rime drakes
  4 tengu conjurers (D:15)
  An unseen horror (D:8)
  6 komodo dragons
  7 trolls
  Prince Ribbit (D:8)
  A bloated husk (Swamp:2)
  3 large abominations (Gauntlet)
  8 dream sheep
  Grinder (D:4)
  20 blink frogs
  7 hornets
  A polar bear (Lair:2)
  4 slime creatures (D:13)
  2 flying skulls (Gauntlet)
  4 wraiths
  Sigmund (D:4)
  12 wyverns
  A culicivora (shapeshifter) (D:15)
  16 humans (D:14)
  60 yaks
  9 spriggans
  3 hogs (Snake:2)
  10 basilisks
  10 vampire mosquitoes
  3 steam dragons
  31 nagas
  15 swamp worms
  A warg (D:15)
  16 water moccasins
  2 acid dragons
  4 hell hounds
  A swamp drake (Swamp:2)
  A sky beast (D:8)
  44 orc warriors
  3 ice beasts (D:11)
  6 small abominations (Gauntlet)
  6 ogres
  11 wolves
  20 centaurs
  2 phantoms
  3 kobold brigands
  12 bullfrogs
  2 gnoll sergeants
  8 wights
  A scorpion (D:5)
  7 killer bees
  7 howler monkeys
  3 electric eels
  4 gnoll boudas
  26 orc priests
  A jelly (D:6)
  2 hounds (D:5)
  3 iguanas
  A sleepcap (D:5)
  7 hell rats (Lair:5)
  24 orc wizards
  21 gnolls
  3 adders
  4 shadow imps
  2 white imps
  An ufetubus (D:6)
  A worm (D:3)
  5 dart slugs
  100 orcs
  3 ball pythons
  3 bats
  7 endoplasms
  2 giant cockroaches
  5 goblins
  6 hobgoblins
  2 jackals (D:2)
  14 kobolds
  2 quokkas
  2 rats
960 creatures vanquished.

Vanquished Creatures (others)
  A manticore (Lair:5)
  3 bloated husks (Swamp:2)
  10 foxfires
14 creatures vanquished.

Grand Total: 974 creatures vanquished

Notes
Turn   | Place    | Note
-------+----------+-------------------------------------------
     0 | D:1      | qw the Deep Elf Hunter began the quest for the Orb.
     0 | D:1      | Reached XP level 1. HP: 12/12 MP: 3/3
     0 | D:1      | 0 ||| qw: Version: 0.3-a-9-g12657ce
     0 | D:1      | 0 ||| qw: Game counter: 2263
     0 | D:1      | 0 ||| qw: Always use a shield: true
     0 | D:1      | 0 ||| qw: God list: Okawaru
     0 | D:1      | 0 ||| qw: Allow faded altars: false
     0 | D:1      | 0 ||| qw: Do Orc after D:15 true
     0 | D:1      | 0 ||| qw: Do second Lair branch before Depths: true
     0 | D:1      | 0 ||| qw: Lair rune preference: random
     0 | D:1      | 0 ||| qw: Plans: Normal
     0 | D:1      | 0 ||| PLANNING D:1-11
   822 | D:1      | 822 ||| DROPPING scarf of shadows.
   823 | D:1      | 823 ||| UPGRADING to +0 ring mail.
   833 | D:1      | 833 ||| DROPPING +0 leather armour.
   834 | D:1      | 834 ||| READING 3 scrolls labelled KIXALE AQOCOXO.
   834 | D:1      | Identified 3 scrolls of acquirement
   834 | D:1      | 834 ||| ACQUIRING +8 storm bow {elec, penet}
   834 | D:1      | Acquired the +8 storm bow {elec, penet}
   834 | D:1      | Found the +8 storm bow {elec, penet}
   835 | D:1      | 835 ||| READING 2 scrolls of acquirement.
   835 | D:1      | 835 ||| ACQUIRING +0 cloak of Negligence {Rampage}
   835 | D:1      | Acquired the +0 cloak of Negligence {Rampage}
   836 | D:1      | 836 ||| READING scroll of acquirement.
   836 | D:1      | 836 ||| ACQUIRING +1 pair of boots "Savophes" {rPois rF++}
   836 | D:1      | Acquired the +1 pair of boots "Savophes" {rPois rF++}
   838 | D:1      | 838 ||| SWAPPING to +8 storm bow {elec, penet}.
   839 | D:1      | 839 ||| UPGRADING to +1 pair of boots "Savophes" {rPois
                  | rF++}.
   844 | D:1      | 844 ||| UPGRADING to +0 cloak of Negligence {Rampage}.
   849 | D:1      | 849 ||| DROPPING +0 shortbow.
   850 | D:1      | 850 ||| READING scroll labelled MOIRIDW JASE.
   851 | D:1      | 851 ||| READING scroll labelled XIUCEU EQIV.
   855 | D:1      | 855 ||| DROPPING scroll of butterflies.
   882 | D:2      | Reached skill level 6 in Ranged Weapons
   882 | D:2      | Reached XP level 2. HP: 15/16 MP: 4/4
   915 | D:2      | Identified the +5 plate armour of Antique Contentment {rF+}
  1102 | D:2      | Reached XP level 3. HP: 20/20 MP: 5/5
  1397 | D:2      | Identified the +2 mace of the Feather {drain, rF- rCorr
                  | Str+6 Dex+2}
  1663 | D:2      | 1663 ||| READING scroll labelled HUEXUP LUTZ.
  1737 | D:3      | 1737 ||| FLEEEEING.
  1738 | D:3      | 1738 ||| FLEEEEING.
  1739 | D:3      | 1739 ||| FLEEEEING.
  1740 | D:3      | 1740 ||| FLEEEEING.
  1741 | D:3      | 1741 ||| FLEEEEING.
  1742 | D:3      | 1742 ||| FLEEEEING.
  1746 | D:3      | Reached XP level 4. HP: 24/25 MP: 6/6
  1768 | D:3      | Found the +2 cloak of the Thief {*Fog Slay-2 SInv Stlth+}
  1830 | D:3      | Found a shadowy altar of Dithmenos.
  1832 | D:3      | Found a shimmering altar of Xom.
  2118 | D:3      | Found Ugedur's General Store.
  2121 | D:3      | 2121 ||| SHOPLISTING +1 pair of gloves of Zaecaephe {rElec}
                  | (258 gold, have 94).
  2121 | D:3      | 2121 ||| BUYING potion of heal wounds (55 gold).
  2121 | D:3      | Bought a potion of heal wounds for 55 gold pieces
  2121 | D:3      | 2121 ||| SHOPLISTING scroll of enchant weapon (82 gold,
                  | have 39).
  2273 | D:3      | 2273 ||| UPGRADING to +2 cloak of the Thief {*Fog Slay-2
                  | SInv Stlth+}.
  2283 | D:3      | 2283 ||| DROPPING +0 cloak of Negligence {Rampage}.
  2284 | D:3      | 2284 ||| UPGRADING to amulet of guardian spirit.
  2289 | D:3      | 2289 ||| UPGRADING to ring of resist corrosion.
  2290 | D:3      | 2290 ||| UPGRADING to ring of ice.
  2291 | D:3      | 2291 ||| READING scroll labelled NIMAIN MUUNO.
  2292 | D:3      | 2292 ||| READING scroll labelled ITHROW XOINUFANO.
  2293 | D:3      | 2293 ||| READING scroll labelled PEFYRH FAVOCW.
  2294 | D:3      | 2294 ||| DRINKING 2 lumpy purple potions.
  2295 | D:3      | 2295 ||| DRINKING 2 fuming red potions.
  2296 | D:3      | 2296 ||| READING 2 scrolls of identify.
  2296 | D:3      | 2296 ||| IDENTIFYING red potion
  2297 | D:3      | 2297 ||| DROPPING potion of magic.
  2328 | D:4      | Noticed Grinder
  2329 | D:4      | Paralysed by Grinder for 3 turns
  2333 | D:4      | 2333 ||| Stepping ~*~*~tactically~*~*~ (outnumbered).
  2336 | D:4      | Killed Grinder
  2337 | D:4      | Reached skill level 9 in Ranged Weapons
  2337 | D:4      | Reached XP level 5. HP: 23/29 MP: 4/7
  2337 | D:4      | Reached XP level 6. HP: 26/34 MP: 4/8
  2358 | D:4      | 2358 ||| FLEEEEING.
  2359 | D:4      | 2359 ||| FLEEEEING.
  2360 | D:4      | 2360 ||| STAIRDANCE
  2406 | D:4      | 2406 ||| STAIRDANCE
  2472 | D:4      | Found a sparkling altar of Nemelex Xobeh.
  2491 | D:4      | Noticed Sigmund
  2492 | D:4      | Killed Sigmund
  2493 | D:4      | Reached XP level 7. HP: 40/40 MP: 9/9
  2541 | D:4      | Found Vauxto's Magic Scroll Boutique.
  2550 | D:4      | 2550 ||| BUYING scroll of identify (22 gold).
  2550 | D:4      | Bought a scroll of identify for 22 gold pieces
  2550 | D:4      | 2550 ||| BUYING scroll of teleportation (33 gold).
  2550 | D:4      | Bought a scroll of teleportation for 33 gold pieces
  2641 | D:4      | Found a hide-covered altar of Uskayaw.
  2805 | D:4      | Found an ornate altar of the Wu Jian Council.
  2867 | D:4      | 2867 ||| DRINKING 2 pink potions.
  2868 | D:4      | 2868 ||| READING 3 scrolls of identify.
  2868 | D:4      | 2868 ||| IDENTIFYING emerald potion
  2869 | D:4      | 2869 ||| READING 2 scrolls of identify.
  2869 | D:4      | 2869 ||| IDENTIFYING inky potion
  2870 | D:4      | 2870 ||| DROPPING potion of attraction.
  2897 | D:5      | Entered Level 5 of the Dungeon
  2901 | D:5      | Reached skill level 3 in Dodging
  3086 | D:5      | Reached XP level 8. HP: 45/45 MP: 10/10
  3127 | D:5      | Reached skill level 12 in Ranged Weapons
  3258 | D:5      | Found an iron altar of Okawaru.
  3259 | D:5      | 3259 ||| PLANNING OKAWARU WORSHIP
  3259 | D:5      | 3259 ||| READING 2 scrolls labelled OXKOES MEIR.
  3260 | D:5      | 3260 ||| READING scroll labelled JUESUUTSEWN.
  3261 | D:5      | 3261 ||| DROPPING scroll of amnesia.
  3267 | D:5      | Became a worshipper of Warmaster Okawaru
  3268 | D:5      | 3268 ||| PLANNING D:1-11
  3268 | D:5      | 3268 ||| REMOVING amulet of guardian spirit.
  3347 | D:5      | 3347 ||| DROPPING amulet of guardian spirit.
  3396 | D:6      | Reached skill level 3 in Fighting
  3401 | D:6      | Reached skill level 4 in Dodging
  3472 | D:6      | Found a stormy altar of Qazlal.
  3492 | D:6      | 3492 ||| READING 2 scrolls of identify.
  3492 | D:6      | 3492 ||| IDENTIFYING silvery potion
  3725 | D:6      | Reached * piety under Okawaru
  3729 | D:6      | 3729 ||| INVOKING Heroism.
  3806 | D:6      | Found a staircase to the Ecumenical Temple.
  3859 | D:6      | 3859 ||| FLEEEEING.
  3860 | D:6      | 3860 ||| STAIRDANCE
  3962 | D:5      | 3962 ||| UPGRADING to +0 pair of gloves.
  3967 | D:5      | 3967 ||| READING 2 scrolls labelled ORIYGA IGRAIDU.
  3968 | D:5      | 3968 ||| DROPPING scroll of fear.
  4138 | D:6      | Found a runed translucent gate.
  4140 | D:6      | Found a runed translucent gate.
  4142 | D:6      | Found a runed translucent gate.
  4142 | D:6      | Found an opulent altar of Gozag.
  4147 | D:6      | Noticed an unseen horror
  4147 | D:6      | Noticed qw's ghost (novice NaHu)
  4971 | D:7      | 4971 ||| Stepping ~*~*~tactically~*~*~ (outnumbered).
  4973 | D:7      | 4973 ||| DRINKING potion of curing.
  4973 | D:7      | 4973 ||| (to cure confusion)
  4974 | D:7      | 4974 ||| Stepping ~*~*~tactically~*~*~ (outnumbered).
  4977 | D:7      | 4977 ||| Stepping ~*~*~tactically~*~*~ (outnumbered).
  4983 | D:7      | 4983 ||| INVOKING Heroism.
  5041 | D:7      | Noticed a hornet
  5045 | D:7      | 5045 ||| INVOKING Heroism.
  5045 | D:7      | Paralysed by a hornet for 1 turns
  5048 | D:7      | Killed a hornet
  5049 | D:7      | Reached skill level 5 in Dodging
  5049 | D:7      | Reached XP level 9. HP: 16/50 MP: 8/11
  5207 | D:7      | 5207 ||| INVOKING Heroism.
  5208 | D:7      | 5208 ||| Stepping ~*~*~tactically~*~*~ (outnumbered).
  5298 | D:7      | Reached skill level 1 in Invocations
  5368 | D:7      | 5368 ||| INVOKING Heroism.
  5430 | D:7      | Found a glowing golden altar of the Shining One.
  5500 | D:7      | Found a sacrificial altar of Ru.
  5736 | D:7      | 5736 ||| INVOKING Heroism.
  5740 | D:7      | Reached skill level 3 in Invocations
  5837 | D:7      | 5837 ||| UPGRADING to +1 pair of gloves.
  5847 | D:7      | 5847 ||| DROPPING +0 pair of gloves.
  5848 | D:7      | 5848 ||| DROPPING scarf of harm.
  5862 | D:8      | 5862 ||| INVOKING Heroism.
  5883 | D:8      | Reached skill level 15 in Ranged Weapons
  6025 | D:8      | Noticed Prince Ribbit
  6026 | D:8      | 6026 ||| INVOKING Heroism.
  6037 | D:8      | Killed Prince Ribbit
  6039 | D:8      | Reached ** piety under Okawaru
  6074 | D:8      | 6074 ||| INVOKING Heroism.
  6086 | D:8      | Reached XP level 10. HP: 26/56 MP: 13/15
  6087 | D:8      | HP: 8/56 [hornet (12)]
  6088 | D:8      | 6088 ||| READING 2 scrolls of teleportation.
  6089 | D:8      | 6089 ||| DRINKING 4 potions of heal wounds.
  6090 | D:8      | 6090 ||| DRINKING 3 potions of heal wounds.
  6093 | D:8      | 6093 ||| INVOKING Heroism.
  6125 | D:8      | 6125 ||| INVOKING Heroism.
  6128 | D:8      | Reached skill level 6 in Dodging
  6167 | D:8      | 6167 ||| FLEEEEING.
  6168 | D:8      | 6168 ||| FLEEEEING.
  6170 | D:8      | 6170 ||| FLEEEEING.
  6171 | D:8      | 6171 ||| FLEEEEING.
  6172 | D:8      | 6172 ||| INVOKING Heroism.
  6174 | D:8      | 6174 ||| Stepping ~*~*~tactically~*~*~ (outnumbered).
  6217 | D:8      | 6217 ||| INVOKING Heroism.
  6412 | D:8      | Noticed a centaur warrior
  6415 | D:8      | 6415 ||| INVOKING Heroism.
  6418 | D:8      | Killed a centaur warrior
  6527 | D:8      | 6527 ||| INVOKING Heroism.
  6649 | D:8      | Found a radiant altar of Vehumet.
  6838 | D:8      | 6838 ||| INVOKING Heroism.
  6903 | D:8      | 6903 ||| UPGRADING to +6 ring of strength.
  6905 | D:8      | 6905 ||| READING scroll labelled NOFURU LEROGO.
  6906 | D:8      | 6906 ||| READING scroll labelled LURETHR YSIHU.
  7007 | D:8      | 7007 ||| READING 2 scrolls of identify.
  7007 | D:8      | 7007 ||| IDENTIFYING metallic silvery potion
  7008 | D:8      | 7008 ||| DROPPING potion of brilliance.
  7057 | D:9      | Found an ancient bone altar of Kikubaaqudgha.
  7142 | D:9      | Reached skill level 7 in Dodging
  7149 | D:9      | Reached skill level 18 in Ranged Weapons
  7191 | D:9      | Noticed a red ugly thing
  7192 | D:9      | Noticed a seven-headed hydra
  7208 | D:9      | 7208 ||| READING scroll of enchant armour.
  7208 | D:9      | 7208 ||| ENCHANTING +1 pair of gloves.
  7227 | D:9      | Reached *** piety under Okawaru
  7249 | D:9      | 7249 ||| INVOKING Heroism.
  7313 | D:9      | Found Boiw's Book Shop.
  7412 | D:9      | 7412 ||| UPGRADING to +0 troll leather armour.
  7422 | D:9      | 7422 ||| DROPPING +0 ring mail.
  7423 | D:9      | 7423 ||| DRINKING 2 sapphire potions.
  7464 | D:9      | 7464 ||| DROPPING potion of lignification.
  7497 | D:10     | Entered Level 10 of the Dungeon
  7650 | D:10     | Reached skill level 8 in Dodging
  7650 | D:10     | Reached XP level 11. HP: 63/63 MP: 16/16
  7665 | D:10     | Reached **** piety under Okawaru
  7729 | D:10     | Received a gift from Okawaru
  7730 | D:10     | 7730 ||| INVOKING Heroism.
  7868 | D:10     | Found a glowing silver altar of Zin.
  7913 | D:10     | Found a staircase to the Orcish Mines.
  7942 | D:10     | Found a flagged portal.
  8053 | D:10     | Noticed Amaemon
  8054 | D:10     | 8054 ||| INVOKING Heroism.
  8058 | D:10     | Paralysed by a spriggan for 2 turns
  8063 | D:10     | Killed Amaemon
  8080 | D:10     | 8080 ||| INVOKING Heroism.
  8097 | D:10     | Found a faded altar of an unknown god.
  8100 | D:10     | Found a hazy altar of Hepliaklqana.
  8169 | D:10     | 8169 ||| READING scroll labelled QEHEUS QECIO.
  8170 | D:10     | 8170 ||| READING 2 scrolls of identify.
  8170 | D:10     | 8170 ||| IDENTIFYING coppery potion
  8171 | D:10     | 8171 ||| DROPPING potion of berserk rage.
  8183 | D:11     | 8183 ||| INVOKING Heroism.
  8193 | D:11     | 8193 ||| STAIRDANCE
  8225 | D:11     | 8225 ||| INVOKING Heroism.
  8250 | D:11     | 8250 ||| STAIRDANCE
  8264 | D:11     | 8264 ||| Stepping ~*~*~tactically~*~*~ (outnumbered).
  8318 | D:11     | 8318 ||| INVOKING Heroism.
  8335 | D:11     | Found Nuecyruw's Jewellery Emporium.
  8344 | D:11     | 8344 ||| SHOPLISTING +5 ring of evasion (648 gold, have
                  | 379).
  8344 | D:11     | 8344 ||| SHOPLISTING amulet of reflection (540 gold, have
                  | 379).
  8344 | D:11     | 8344 ||| SHOPLISTING amulet of the Air {Inacc Air Fly rElec
                  | RMsl} (676 gold, have 379).
  8344 | D:11     | 8344 ||| SHOPLISTING amulet of the acrobat (540 gold, have
                  | 379).
  8344 | D:11     | 8344 ||| BUYING ring of positive energy (360 gold).
  8344 | D:11     | Bought a ring of positive energy for 360 gold pieces
  8383 | D:11     | Found a staircase to the Lair.
  8580 | D:11     | Reached skill level 6 in Invocations
  8662 | D:11     | Found a gateway to a bazaar.
  8664 | D:11     | 8664 ||| INVOKING Heroism.
  8705 | D:11     | 8705 ||| INVOKING Heroism.
  8737 | D:11     | 8737 ||| Stepping ~*~*~tactically~*~*~ (water).
  8821 | D:11     | 8821 ||| INVOKING Heroism.
  8837 | D:11     | Found a runed translucent door.
  8838 | D:11     | Noticed qw's ghost (journeyman GrFi)
  8854 | D:11     | Noticed an orc knight
  8855 | D:11     | 8855 ||| INVOKING Heroism.
  8861 | D:11     | Killed an orc knight
  8862 | D:11     | Reached skill level 9 in Dodging
  8913 | D:11     | Found Ireabied's Armour Shop.
  8921 | D:11     | 8921 ||| BUYING +0 helmet (63 gold).
  8921 | D:11     | Bought a +0 helmet for 63 gold pieces
  8921 | D:11     | 8921 ||| SHOPLISTING +5 scale mail of Dramatic Exits {rC-
                  | Int+3 Slay+2} (611 gold, have 37).
  9053 | D:11     | 9053 ||| DROPPING +0 robe of willpower.
  9054 | D:11     | 9054 ||| PLANNING LAIR
  9054 | D:11     | 9054 ||| UPGRADING to +0 helmet.
  9059 | D:11     | 9059 ||| READING scroll of enchant armour.
  9059 | D:11     | 9059 ||| ENCHANTING +0 helmet.
  9060 | D:11     | 9060 ||| READING 3 scrolls of identify.
  9060 | D:11     | 9060 ||| IDENTIFYING murky sapphire potion
  9088 | Lair:1   | Entered Level 1 of the Lair of Beasts
  9193 | Lair:1   | 9193 ||| INVOKING Heroism.
  9204 | Lair:1   | Reached XP level 12. HP: 68/68 MP: 16/19
  9247 | Lair:1   | Reached skill level 6 in Fighting
  9252 | Lair:1   | 9252 ||| INVOKING Heroism.
  9273 | Lair:1   | Reached skill level 3 in Armour
  9336 | Lair:1   | Identified the ring of Polytheism {rF+ Dex+6}
  9393 | Lair:1   | Reached ***** piety under Okawaru
  9572 | Lair:1   | Reached skill level 10 in Dodging
  9579 | Lair:1   | Reached skill level 9 in Invocations
  9587 | Lair:1   | 9587 ||| FLEEEEING.
  9588 | Lair:1   | 9588 ||| FLEEEEING.
  9589 | Lair:1   | 9589 ||| FLEEEEING.
  9590 | Lair:1   | 9590 ||| FLEEEEING.
  9835 | Lair:1   | 9835 ||| DROPPING ring of positive energy.
  9836 | Lair:1   | 9836 ||| UPGRADING to ring of Polytheism {rF+ Dex+6}.
  9838 | Lair:1   | 9838 ||| DROPPING ring of resist corrosion.
  9839 | Lair:1   | 9839 ||| READING 2 scrolls of identify.
  9839 | Lair:1   | 9839 ||| IDENTIFYING metallic purple potion
  9840 | Lair:1   | 9840 ||| DROPPING potion of degeneration.
  9861 | Lair:2   | 9861 ||| INVOKING Heroism.
  9885 | Lair:2   | Found a staircase to the Swamp.
  9938 | Lair:2   | 9938 ||| INVOKING Heroism.
  9972 | Lair:2   | 9972 ||| INVOKING Heroism.
  9974 | Lair:2   | Reached skill level 11 in Dodging
 10048 | Lair:2   | Received a gift from Okawaru
 10064 | Lair:2   | 10064 ||| INVOKING Heroism.
 10193 | Lair:2   | 10193 ||| INVOKING Heroism.
 10217 | Lair:2   | Noticed a six-headed hydra
 10220 | Lair:2   | Killed a six-headed hydra
 10221 | Lair:2   | Reached skill level 12 in Dodging
 10221 | Lair:2   | Reached XP level 13. HP: 76/76 MP: 22/22
 10249 | Lair:2   | 10249 ||| INVOKING Heroism.
 10321 | Lair:2   | Found a sparkling altar of Nemelex Xobeh.
 10385 | Lair:2   | Found a staircase to the Snake Pit.
 10466 | Lair:2   | 10466 ||| INVOKING Heroism.
 10969 | Lair:2   | 10969 ||| READING scroll labelled UCAAGA PAOR.
 10970 | Lair:2   | 10970 ||| READING 2 scrolls labelled ACHAGA ZOFAAS.
 10971 | Lair:2   | 10971 ||| READING 2 scrolls of identify.
 10971 | Lair:2   | 10971 ||| IDENTIFYING brown potion
 10972 | Lair:2   | 10972 ||| DROPPING potion of invisibility.
 10973 | Lair:2   | 10973 ||| DROPPING scroll of fog.
 11141 | Lair:3   | 11141 ||| INVOKING Heroism.
 11143 | Lair:3   | 11143 ||| Stepping ~*~*~tactically~*~*~ (cloud).
 11150 | Lair:3   | 11150 ||| Stepping ~*~*~tactically~*~*~ (cloud).
 11227 | Lair:3   | 11227 ||| INVOKING Heroism.
 11243 | Lair:3   | Reached skill level 13 in Dodging
 11359 | Lair:3   | 11359 ||| INVOKING Heroism.
 11458 | Lair:3   | 11458 ||| INVOKING Heroism.
 11833 | Lair:3   | 11833 ||| UPGRADING to amulet of the acrobat.
 11838 | Lair:3   | 11838 ||| DROPPING ring of flight.
 12376 | Lair:4   | Found a staircase to the Slime Pits.
 12530 | Lair:4   | 12530 ||| UPGRADING to amulet of reflection.
 12540 | Lair:4   | 12540 ||| DROPPING amulet of the acrobat.
 12554 | Lair:5   | Entered Level 5 of the Lair of Beasts
 12559 | Lair:5   | 12559 ||| READING 2 scrolls of enchant armour.
 12559 | Lair:5   | 12559 ||| ENCHANTING +1 helmet.
 12565 | Lair:5   | 12565 ||| INVOKING Heroism.
 12566 | Lair:5   | 12566 ||| INVOKING Finesse.
 12589 | Lair:5   | Reached skill level 14 in Dodging
 12757 | Lair:5   | 12757 ||| INVOKING Heroism.
 12758 | Lair:5   | 12758 ||| INVOKING Finesse.
 12835 | Lair:5   | Noticed Rupert
 12836 | Lair:5   | 12836 ||| INVOKING Heroism.
 12840 | Lair:5   | 12840 ||| DRINKING 7 potions of curing.
 12840 | Lair:5   | 12840 ||| (to cure confusion)
 12847 | Lair:5   | Killed Rupert
 12848 | Lair:5   | Reached skill level 9 in Fighting
 12848 | Lair:5   | 12848 ||| INVOKING Finesse.
 12907 | Lair:5   | 12907 ||| INVOKING Heroism.
 12916 | Lair:5   | 12916 ||| INVOKING Finesse.
 12921 | Lair:5   | 12921 ||| Stepping ~*~*~tactically~*~*~ (cloud).
 12925 | Lair:5   | Received a gift from Okawaru
 12964 | Lair:5   | Reached skill level 15 in Dodging
 12964 | Lair:5   | Reached XP level 14. HP: 86/86 MP: 23/23
 12980 | Lair:5   | 12980 ||| INVOKING Heroism.
 13078 | Lair:5   | 13078 ||| INVOKING Heroism.
 13289 | Lair:5   | 13289 ||| INVOKING Heroism.
 13349 | Lair:5   | 13349 ||| INVOKING Heroism.
 13365 | Lair:5   | Reached skill level 16 in Dodging
 13411 | Lair:5   | 13411 ||| Stepping ~*~*~tactically~*~*~ (outnumbered).
 13413 | Lair:5   | 13413 ||| Stepping ~*~*~tactically~*~*~ (outnumbered).
 13428 | Lair:5   | 13428 ||| Stepping ~*~*~tactically~*~*~ (outnumbered).
 13754 | Lair:5   | 13754 ||| PLANNING D
 13754 | Lair:5   | 13754 ||| READING 2 scrolls of identify.
 13754 | Lair:5   | 13754 ||| IDENTIFYING purple potion
 13889 | D:12     | Found Azapp's General Store.
 13894 | D:12     | 13894 ||| Stepping ~*~*~tactically~*~*~ (outnumbered).
 13916 | D:12     | 13916 ||| BUYING potion of resistance (150 gold).
 13916 | D:12     | Bought a potion of resistance for 150 gold pieces
 13916 | D:12     | 13916 ||| BUYING scroll of identify (30 gold).
 13916 | D:12     | Bought a scroll of identify for 30 gold pieces
 13916 | D:12     | 13916 ||| BUYING scroll of teleportation (45 gold).
 13916 | D:12     | Bought a scroll of teleportation for 45 gold pieces
 13923 | D:12     | Identified the +2 mace "Kepawiy" {freeze, Int+2 Dex+3}
 14054 | D:12     | Noticed Erolcha
 14055 | D:12     | 14055 ||| INVOKING Heroism.
 14056 | D:12     | 14056 ||| INVOKING Finesse.
 14059 | D:12     | Killed Erolcha
 14378 | D:12     | 14378 ||| DROPPING ring of fire.
 14379 | D:12     | 14379 ||| DROPPING +6 ring of strength.
 14380 | D:12     | 14380 ||| UPGRADING to +6 ring of dexterity.
 14382 | D:12     | 14382 ||| DROPPING ring of ice.
 14395 | D:13     | 14395 ||| PLANNING GAUNTLET
 14426 | D:13     | 14426 ||| INVOKING Heroism.
 14583 | D:13     | Found a gate leading to a gauntlet.
 14592 | Gauntlet | Entered a Gauntlet
 14592 | Gauntlet | Found a transporter.
 14592 | Gauntlet | Found a transporter.
 14592 | Gauntlet | Found a transporter.
 14592 | Gauntlet | Found a transporter.
 14608 | Gauntlet | Found the +3 crown of Dyrovepreva {rElec Int+2 SInv}
 14612 | Gauntlet | Found a transporter.
 14622 | Gauntlet | Found a transporter.
 14626 | Gauntlet | Found a transporter.
 14636 | Gauntlet | Found a transporter.
 14657 | Gauntlet | Found a transporter.
 14662 | Gauntlet | Found a transporter.
 14687 | Gauntlet | Found a transporter.
 14724 | Gauntlet | Found a transporter.
 14807 | Gauntlet | 14807 ||| INVOKING Heroism.
 14849 | Gauntlet | Identified the +2 pair of boots of Tenacity {rPois Str+3}
 14916 | Gauntlet | Identified the +0 pair of gloves "Quululap" {rF+ Str+3}
 14930 | Gauntlet | Identified the ring "Ydghaym" {rF++ Int+3 Dex+6}
 14931 | Gauntlet | 14931 ||| INVOKING Heroism.
 14936 | Gauntlet | Reached skill level 17 in Dodging
 14948 | Gauntlet | Identified the +1 leather armour "Aschivy" {rC+ rN+ Stlth+}
 14997 | Gauntlet | 14997 ||| DROPPING +1 leather armour "Aschivy" {rC+ rN+
                  | Stlth+}.
 15011 | D:13     | 15011 ||| PLANNING D
 15178 | D:13     | 15178 ||| DRINKING 3 potions of cancellation.
 15359 | D:13     | 15359 ||| INVOKING Heroism.
 15550 | D:13     | 15550 ||| READING scroll labelled SERORE MYIN.
 15619 | D:14     | 15619 ||| INVOKING Heroism.
 15631 | D:14     | Reached skill level 18 in Dodging
 15727 | D:14     | 15727 ||| INVOKING Heroism.
 15839 | D:14     | Reached XP level 15. HP: 92/92 MP: 24/24
 15899 | D:14     | Found a gate to the Vaults.
 15905 | D:14     | 15905 ||| Stepping ~*~*~tactically~*~*~ (outnumbered).
 15908 | D:14     | Reached skill level 19 in Dodging
 16036 | D:14     | 16036 ||| DROPPING +2 pair of gloves.
 16037 | D:14     | 16037 ||| DROPPING ring of magical power.
 16038 | D:14     | 16038 ||| DROPPING +4 ring of protection.
 16067 | D:15     | Entered Level 15 of the Dungeon
 16073 | D:15     | 16073 ||| INVOKING Heroism.
 16077 | D:15     | Received a gift from Okawaru
 16110 | D:15     | 16110 ||| DROPPING +1 pair of boots of stealth.
 16144 | D:15     | Reached skill level 20 in Dodging
 16296 | D:15     | 16296 ||| INVOKING Heroism.
 16582 | D:15     | Found a staircase to the Depths.
 16648 | D:15     | Noticed Agnes
 16649 | D:15     | 16649 ||| INVOKING Heroism.
 16650 | D:15     | 16650 ||| INVOKING Finesse.
 16657 | D:15     | Killed Agnes
 16710 | D:15     | 16710 ||| INVOKING Heroism.
 16711 | D:15     | 16711 ||| Stepping ~*~*~tactically~*~*~ (outnumbered).
 16733 | D:15     | Reached skill level 6 in Armour
 16825 | D:15     | 16825 ||| PLANNING ORC
 16958 | Orc:1    | Entered Level 1 of the Orcish Mines
 17035 | Orc:1    | You fall into a shaft and drop 1 floor!
 17035 | Orc:2    | Entered Level 2 of the Orcish Mines
 17036 | Orc:2    | 17036 ||| Stepping ~*~*~tactically~*~*~ (outnumbered).
 17044 | Orc:2    | 17044 ||| Stepping ~*~*~tactically~*~*~ (outnumbered).
 17157 | Orc:2    | Found Veffuh's Weapon Emporium.
 17290 | Orc:1    | 17290 ||| INVOKING Heroism.
 17475 | Orc:2    | Found Bujeny's Assorted Antiques.
 17477 | Orc:2    | Found Acruga's Book Shoppe.
 17648 | Orc:2    | 17648 ||| SHOPLISTING scroll of acquirement (1768 gold,
                  | have 1564).
 17648 | Orc:2    | 17648 ||| BUYING scroll of teleportation (102 gold).
 17648 | Orc:2    | Bought a scroll of teleportation for 102 gold pieces
 17659 | Orc:2    | Found a staircase to the Elven Halls.
 17714 | Orc:2    | Found Yjacitith's General Store.
 17719 | Orc:2    | 17719 ||| BUYING potion of curing (42 gold).
 17719 | Orc:2    | Bought a potion of curing for 42 gold pieces
 17719 | Orc:2    | 17719 ||| BUYING potion of haste (140 gold).
 17719 | Orc:2    | Bought a potion of haste for 140 gold pieces
 17719 | Orc:2    | 17719 ||| BUYING potion of mutation (112 gold).
 17719 | Orc:2    | Bought a potion of mutation for 112 gold pieces
 17731 | Orc:2    | 17731 ||| Stepping ~*~*~tactically~*~*~ (outnumbered).
 17732 | Orc:2    | 17732 ||| Stepping ~*~*~tactically~*~*~ (outnumbered).
 17735 | Orc:2    | 17735 ||| Stepping ~*~*~tactically~*~*~ (outnumbered).
 17736 | Orc:2    | 17736 ||| Stepping ~*~*~tactically~*~*~ (outnumbered).
 17738 | Orc:2    | Identified the +1 pair of boots of the Slug {*Slow Str+8
                  | SInv Stlth+} (Okawaru gifted it to you on level 2 of the
                  | Orcish Mines)
 17738 | Orc:2    | Received a gift from Okawaru
 17741 | Orc:2    | 17741 ||| Stepping ~*~*~tactically~*~*~ (outnumbered).
 17743 | Orc:2    | 17743 ||| Stepping ~*~*~tactically~*~*~ (outnumbered).
 17748 | Orc:2    | 17748 ||| Stepping ~*~*~tactically~*~*~ (outnumbered).
 17749 | Orc:2    | 17749 ||| Stepping ~*~*~tactically~*~*~ (outnumbered).
 17761 | Orc:2    | 17761 ||| Stepping ~*~*~tactically~*~*~ (outnumbered).
 17764 | Orc:2    | 17764 ||| Stepping ~*~*~tactically~*~*~ (outnumbered).
 17801 | Orc:2    | 17801 ||| INVOKING Heroism.
 17857 | Orc:2    | 17857 ||| INVOKING Heroism.
 17859 | Orc:2    | 17859 ||| Stepping ~*~*~tactically~*~*~ (outnumbered).
 17862 | Orc:2    | 17862 ||| Stepping ~*~*~tactically~*~*~ (outnumbered).
 17960 | Orc:2    | 17960 ||| Stepping ~*~*~tactically~*~*~ (outnumbered).
 17961 | Orc:2    | 17961 ||| Stepping ~*~*~tactically~*~*~ (outnumbered).
 17963 | Orc:2    | 17963 ||| Stepping ~*~*~tactically~*~*~ (outnumbered).
 17964 | Orc:2    | 17964 ||| INVOKING Heroism.
 17965 | Orc:2    | 17965 ||| Stepping ~*~*~tactically~*~*~ (outnumbered).
 17966 | Orc:2    | 17966 ||| Stepping ~*~*~tactically~*~*~ (outnumbered).
 17967 | Orc:2    | 17967 ||| Stepping ~*~*~tactically~*~*~ (outnumbered).
 18089 | Orc:2    | Found Elunupek's Book Shoppe.
 18089 | Orc:2    | Found Qosh's Weapon Boutique.
 18091 | Orc:2    | Found Wytoosso's Assorted Antiques.
 18093 | Orc:2    | Found Fovy's Distillery.
 18100 | Orc:2    | 18100 ||| BUYING coiled garnet amulet (170 gold).
 18100 | Orc:2    | Bought a coiled garnet amulet for 170 gold pieces
 18100 | Orc:2    | Identified the amulet of Pohofarch {Faith rF- rCorr Int+6
                  | Dex+2} (You bought it in a shop on level 2 of the Orcish
                  | Mines)
 18100 | Orc:2    | 18100 ||| BUYING crude leather armour (238 gold).
 18100 | Orc:2    | Bought a crude leather armour for 238 gold pieces
 18100 | Orc:2    | Identified the +3 leather armour of Vampiric Thralls
                  | {Rampage rC+ MP+9 Str+3} (You bought it in a shop on level
                  | 2 of the Orcish Mines)
 18105 | Orc:2    | 18105 ||| BUYING potion of cancellation (80 gold).
 18105 | Orc:2    | Bought a potion of cancellation for 80 gold pieces
 18105 | Orc:2    | 18105 ||| BUYING potion of curing (30 gold).
 18105 | Orc:2    | Bought a potion of curing for 30 gold pieces
 18105 | Orc:2    | 18105 ||| BUYING potion of haste (100 gold).
 18105 | Orc:2    | Bought a potion of haste for 100 gold pieces
 18105 | Orc:2    | 18105 ||| BUYING potion of heal wounds (50 gold).
 18105 | Orc:2    | Bought a potion of heal wounds for 50 gold pieces
 18105 | Orc:2    | 18105 ||| BUYING potion of mutation (80 gold).
 18105 | Orc:2    | Bought a potion of mutation for 80 gold pieces
 18156 | Orc:2    | 18156 ||| PLANNING SNAKE:1-3
 18156 | Orc:2    | 18156 ||| UPGRADING to +3 leather armour of Vampiric
                  | Thralls {Rampage rC+ MP+9 Str+3}.
 18205 | Orc:2    | 18205 ||| UPGRADING to amulet of Pohofarch {Faith rF- rCorr
                  | Int+6 Dex+2}.
 18215 | Orc:2    | 18215 ||| UPGRADING to ring "Ydghaym" {rF++ Int+3 Dex+6}.
 18334 | Snake:1  | Entered Level 1 of the Snake Pit
 18462 | Snake:1  | Reached skill level 21 in Dodging
 18556 | Snake:1  | Reached XP level 16. HP: 100/100 MP: 25/25
 18654 | Snake:1  | 18654 ||| INVOKING Heroism.
 18893 | Snake:1  | 18893 ||| INVOKING Heroism.
 19015 | Snake:1  | Reached skill level 22 in Dodging
 19087 | Snake:1  | Identified the +16 crystal plate armour of the Demon Prince
                  | {Harm rElec} (Okawaru gifted it to you on level 1 of the
                  | Snake Pit)
 19087 | Snake:1  | Received a gift from Okawaru
 19458 | Snake:2  | Noticed Frances
 19459 | Snake:2  | 19459 ||| INVOKING Heroism.
 19460 | Snake:2  | 19460 ||| INVOKING Finesse.
 19464 | Snake:2  | 19464 ||| Stepping ~*~*~tactically~*~*~ (outnumbered).
 19471 | Snake:2  | 19471 ||| Stepping ~*~*~tactically~*~*~ (outnumbered).
 19479 | Snake:2  | Killed Frances
 19766 | Snake:2  | Found Utuiz's Self-Improvement Boutique.
 19910 | Snake:2  | 19910 ||| INVOKING Heroism.
 19911 | Snake:2  | 19911 ||| Stepping ~*~*~tactically~*~*~ (outnumbered).
 20405 | Snake:2  | Noticed Kirke
 20408 | Snake:2  | 20408 ||| INVOKING Heroism.
 20409 | Snake:2  | Noticed a sphinx
 20411 | Snake:2  | Killed Kirke
 20645 | Snake:2  | 20645 ||| READING 6 scrolls of identify.
 20645 | Snake:2  | 20645 ||| IDENTIFYING black potion
 20646 | Snake:2  | 20646 ||| DROPPING potion of ambrosia.
 20710 | Snake:3  | Reached skill level 12 in Fighting
 20760 | Snake:3  | 20760 ||| INVOKING Heroism.
 20953 | Snake:3  | 20953 ||| Stepping ~*~*~tactically~*~*~ (outnumbered).
 20954 | Snake:3  | 20954 ||| Stepping ~*~*~tactically~*~*~ (outnumbered).
 20981 | Snake:3  | 20981 ||| INVOKING Heroism.
 21155 | Snake:3  | 21155 ||| INVOKING Heroism.
 21229 | Snake:3  | Received a gift from Okawaru
 21251 | Snake:3  | 21251 ||| INVOKING Heroism.
 21290 | Snake:3  | 21290 ||| Stepping ~*~*~tactically~*~*~ (outnumbered).
 21387 | Snake:3  | 21387 ||| INVOKING Heroism.
 21428 | Snake:3  | 21428 ||| Stepping ~*~*~tactically~*~*~ (outnumbered).
 21487 | Snake:3  | 21487 ||| Stepping ~*~*~tactically~*~*~ (outnumbered).
 21496 | Snake:3  | 21496 ||| Stepping ~*~*~tactically~*~*~ (outnumbered).
 21500 | Snake:3  | 21500 ||| Stepping ~*~*~tactically~*~*~ (outnumbered).
 21505 | Snake:3  | Received a gift from Okawaru
 21751 | Snake:3  | 21751 ||| PLANNING SWAMP:1-3
 21765 | Snake:3  | 21765 ||| PLANNING SNAKE:1-3
 21766 | Snake:3  | 21766 ||| PLANNING SWAMP:1-3
 21776 | Snake:3  | 21776 ||| PLANNING SNAKE:1-3
 21777 | Snake:3  | 21777 ||| PLANNING SWAMP:1-3
 21828 | Snake:3  | 21828 ||| PLANNING SNAKE:1-3
 21829 | Snake:3  | 21829 ||| PLANNING SWAMP:1-3
 21873 | Snake:3  | 21873 ||| PLANNING SNAKE:1-3
 21874 | Snake:3  | 21874 ||| PLANNING SWAMP:1-3
 21909 | Snake:3  | 21909 ||| PLANNING SNAKE:1-3
 21910 | Snake:3  | 21910 ||| PLANNING SWAMP:1-3
 21933 | Snake:3  | 21933 ||| PLANNING SNAKE:1-3
 21934 | Snake:3  | 21934 ||| PLANNING SWAMP:1-3
 21973 | Snake:3  | 21973 ||| PLANNING SNAKE:1-3
 21974 | Snake:3  | 21974 ||| PLANNING SWAMP:1-3
 21991 | Snake:3  | 21991 ||| PLANNING SNAKE:1-3
 21991 | Snake:3  | 21991 ||| Stepping randomly (stuck).
 21992 | Snake:3  | 21992 ||| PLANNING SWAMP:1-3
 22088 | Swamp:1  | Entered Level 1 of the Swamp
 22139 | Swamp:1  | 22139 ||| Stepping ~*~*~tactically~*~*~ (water).
 22175 | Swamp:1  | 22175 ||| INVOKING Heroism.
 22180 | Swamp:1  | Reached XP level 17. HP: 110/110 MP: 26/26
 22217 | Swamp:1  | 22217 ||| Stepping ~*~*~tactically~*~*~ (water).
 22220 | Swamp:1  | 22220 ||| Stepping ~*~*~tactically~*~*~ (water).
 22222 | Swamp:1  | 22222 ||| Stepping ~*~*~tactically~*~*~ (water).
 22224 | Swamp:1  | 22224 ||| Stepping ~*~*~tactically~*~*~ (water).
 22226 | Swamp:1  | 22226 ||| Stepping ~*~*~tactically~*~*~ (water).
 22228 | Swamp:1  | 22228 ||| Stepping ~*~*~tactically~*~*~ (water).
 22289 | Swamp:1  | 22289 ||| Stepping ~*~*~tactically~*~*~ (water).
 22338 | Swamp:1  | 22338 ||| Stepping ~*~*~tactically~*~*~ (water).
 22355 | Swamp:1  | Identified the +0 ring mail of Quiescent Curiosity {Int+2
                  | Slay+2}
 22570 | Swamp:1  | 22570 ||| DROPPING +0 troll leather armour.
 22571 | Swamp:1  | 22571 ||| DROPPING +0 ring mail of Quiescent Curiosity
                  | {Int+2 Slay+2}.
 22593 | Swamp:2  | 22593 ||| INVOKING Heroism.
 22600 | Swamp:2  | 22600 ||| STAIRDANCE
 22811 | Swamp:2  | 22811 ||| STAIRDANCE
 22864 | Swamp:2  | 22864 ||| Stepping ~*~*~tactically~*~*~ (water).
 22920 | Swamp:2  | 22920 ||| INVOKING Heroism.
 22933 | Swamp:2  | 22933 ||| Stepping ~*~*~tactically~*~*~ (water).
 22943 | Swamp:2  | 22943 ||| INVOKING Heroism.
 23011 | Swamp:2  | 23011 ||| Stepping ~*~*~tactically~*~*~ (water).
 23013 | Swamp:2  | 23013 ||| Stepping ~*~*~tactically~*~*~ (water).
 23015 | Swamp:2  | 23015 ||| Stepping ~*~*~tactically~*~*~ (water).
 23028 | Swamp:2  | 23028 ||| INVOKING Heroism.
 23040 | Swamp:2  | 23040 ||| Stepping ~*~*~tactically~*~*~ (water).
 23042 | Swamp:2  | 23042 ||| Stepping ~*~*~tactically~*~*~ (water).
 23044 | Swamp:2  | 23044 ||| Stepping ~*~*~tactically~*~*~ (water).
 23046 | Swamp:2  | 23046 ||| Stepping ~*~*~tactically~*~*~ (water).
 23048 | Swamp:2  | 23048 ||| Stepping ~*~*~tactically~*~*~ (water).
 23056 | Swamp:2  | 23056 ||| Stepping ~*~*~tactically~*~*~ (water).
 23066 | Swamp:2  | 23066 ||| Stepping ~*~*~tactically~*~*~ (water).
 23459 | Swamp:3  | 23459 ||| INVOKING Heroism.
 23460 | Swamp:3  | 23460 ||| Stepping ~*~*~tactically~*~*~ (water).
 23501 | Swamp:3  | Reached skill level 21 in Ranged Weapons
 23547 | Swamp:3  | 23547 ||| INVOKING Heroism.
 23785 | Swamp:3  | 23785 ||| INVOKING Heroism.
 23884 | Swamp:3  | 23884 ||| FLEEEEING.
 23885 | Swamp:3  | 23885 ||| FLEEEEING.
 23886 | Swamp:3  | 23886 ||| FLEEEEING.
 23887 | Swamp:3  | 23887 ||| FLEEEEING.
 23889 | Swamp:3  | 23889 ||| FLEEEEING.
 24132 | Swamp:3  | 24132 ||| PLANNING SNAKE:4
 24290 | Snake:4  | Entered Level 4 of the Snake Pit
 24325 | Snake:4  | 24325 ||| INVOKING Heroism.
 24340 | Snake:4  | 24340 ||| FLEEEEING.
 24344 | Snake:4  | 24344 ||| FLEEEEING.
 24346 | Snake:4  | 24346 ||| STAIRDANCE
 24572 | Snake:4  | Noticed Mara
 24573 | Snake:4  | 24573 ||| INVOKING Heroism.
 24582 | Snake:4  | Noticed qw's illusion
 24584 | Snake:4  | Killed Mara
 24622 | Snake:4  | Found a runed translucent door.
 24625 | Snake:4  | Noticed qw's ghost (adept GrFi)
 24749 | Snake:4  | 24749 ||| INVOKING Heroism.
 24759 | Snake:4  | Reached skill level 15 in Fighting
 24873 | Snake:4  | 24873 ||| INVOKING Heroism.
 24881 | Snake:4  | 24881 ||| Stepping ~*~*~tactically~*~*~ (outnumbered).
 24885 | Snake:4  | 24885 ||| Stepping ~*~*~tactically~*~*~ (outnumbered).
 25332 | Snake:4  | 25332 ||| INVOKING Heroism.
 25336 | Snake:4  | 25336 ||| Stepping ~*~*~tactically~*~*~ (outnumbered).
 25342 | Snake:4  | 25342 ||| Stepping ~*~*~tactically~*~*~ (outnumbered).
 25496 | Snake:4  | Noticed Louise
 25501 | Snake:4  | Killed Louise
 25580 | Snake:4  | 25580 ||| INVOKING Heroism.
 25581 | Snake:4  | 25581 ||| Stepping ~*~*~tactically~*~*~ (outnumbered).
 25614 | Snake:4  | Identified the +9 shortbow of Thoughtfulness {heavy,
                  | Will++} (Okawaru gifted it to you on level 4 of the Snake
                  | Pit)
 25614 | Snake:4  | Received a gift from Okawaru
 25740 | Snake:4  | 25740 ||| INVOKING Heroism.
 25770 | Snake:4  | HP: 26/113 [poisoned by a naga warrior (splash of poison)]
 25771 | Snake:4  | 25771 ||| READING 12 scrolls of teleportation.
 25772 | Snake:4  | 25772 ||| DRINKING 7 potions of heal wounds.
 26032 | Snake:4  | 26032 ||| INVOKING Heroism.
 26072 | Snake:4  | HP: 28/113 [nagaraja/+0 whip of electrocution (15)]
 26073 | Snake:4  | 26073 ||| READING 11 scrolls of teleportation.
 26074 | Snake:4  | 26074 ||| DRINKING 6 potions of heal wounds.
 26076 | Snake:4  | 26076 ||| DRINKING 5 potions of heal wounds.
 26078 | Snake:4  | HP: 25/113 [guardian serpent (14)]
 26079 | Snake:4  | 26079 ||| DRINKING 4 potions of heal wounds.
 26082 | Snake:4  | 26082 ||| DRINKING 3 potions of heal wounds.
 26085 | Snake:4  | HP: 23/113 [poisoned by a sea snake]
 26086 | Snake:4  | 26086 ||| DRINKING 2 potions of heal wounds.
 26086 | Snake:4  | HP: 10/113 [sea snake (14)]
 26087 | Snake:4  | 26087 ||| READING 10 scrolls of teleportation.
 26087 | Snake:4  | HP: 3/113 [poisoned by a sea snake]
 26087 | Snake:4  | Killed from afar by a nagaraja

Levels and vault maps discovered:
D:1:      ldierk_walled_garden_2, layout_loops_corners,
          shapermc_ecumenical_altar_mp_urbaneastern
D:2:      layout_basic, serial_corexii_hall, corexii_hall_statues_s,
          corexii_hall_statues_i, corexii_hall_statues_l, corexii_hall_statues_t
D:3:      layout_loops_cross, mainiacjoe_overflow_catwalk_spiral, serial_shops,
          nicolae_shop_window_shopping, minmay_strange_pillars
D:4:      layout_rooms, nicolae_uskayaw_suspiria, nemelex_spade_bored_becter,
          nzn_wu_jian_council_hall, serial_shops, shop, kennysheep_orc_chapel,
          uniq_sigmund, uniq_grinder
D:5:      layout_cave_pools, mainiacjoe_overflow_alcove_1
D:6:      layout_loops_cross, amcnicky_altar_gilded, temple_hall,
          ebering_ghost_gozag
D:7:      layout_basic, tso_oasis_becter, mainiacjoe_overflow_small_starburst,
          hangedman_abyss_or_decor_stagger
D:8:      nzn_winding_woodlands_medium [nzn_winding_woodlands_5x5_open_star,
          nzn_winding_woodlands_5x15_sawtooth,
          nzn_winding_woodlands_5x5_closed_star,
          nzn_winding_woodlands_5x5_checkerboard,
          nzn_winding_woodlands_center_triple_pond,
          nzn_winding_woodlands_hourglass, nzn_winding_woodlands_5x5_default,
          nzn_winding_woodlands_5x15_river_crossing,
          nzn_winding_woodlands_5x5_cross], layout_cave_pools,
          mainiacjoe_overflow_alcove_2, uniq_prince_ribbit1
D:9:      layout_rooms, mainiacjoe_overflow_paths, serial_shops, shop,
          lightli_corner_chamber
D:10:     layout_loops_ring, zin_treasury, beargit_hepliaklqana_dungeon_heroes,
          orc_0_dummy, enter_bailey_3, uniq_amaemon
D:11:     layout_gridville, hellmonk_lair_entry_icy,
          ebering_ghost_reflecting_pool, special_room [special_room_orc],
          serial_shops, bzr_entry_islet, shop, shop
D:12:     layout_cave_pools, serial_glass, glass_columns_a, glass_columns_a,
          serial_shops, shop, uniq_erolcha
D:13:     layout_stronghold, gauntlet_entry_generic, kennysheep_generic_room_7
D:14:     layout_cross, grunt_vaults_entry_tiered, hangedman_decor_slide_cut
D:15:     hangedman_depths_entry_civil_slaughter, layout_loops_ring,
          minivault_15, einodemon_crawler_minivault, uniq_agnes
Lair:1:   layout_chaotic_city, beast_lair_carwin_2
Lair:2:   layout_layer_cave, swamp_mist, dummy_snake_entry, basic_altar,
          evilmike_ambush [evilmike_ambush_outer_basic,
          evilmike_ambush_inner_pond]
Lair:3:   layout_long_grid, serial_bayou_shore_a
Lair:4:   layout_roguey, dpeg_slime_entry_corner
Lair:5:   evilmike_catoblepas_cave, layout_cave_pods, special_room
          [special_room_mythical_zoo], lemuel_old_faithful, uniq_rupert
Swamp:1:  layout_basic_swamp, nicolae_swamp_tree_designs
Swamp:2:  nicolae_swamp_husk_halls, layout_basic_swamp,
          evilmike_swamp_ruin_house_3
Swamp:3:  layout_falls_marsh, serial_swamp_ruin, evilmike_swamp_ruin_house_6,
          evilmike_swamp_ruin_rubble_1
Snake:1:  layout_onion, grunt_megastairs_2
Snake:2:  layout_chambers, special_room, nicolae_shop_self_help,
          grunt_megastairs_4, uniq_kirke, uniq_frances
Snake:3:  hangedman_cross_veins, layout_basic, guppyfry_library_mini
Snake:4:  grunt_snake_rune_pools, layout_chambers, ebering_ghost_inner_flame,
          nicolae_snake_snakes_in_the_grass, uniq_mara, uniq_louise
Orc:1:    layout_caves, basic_altar, david_defended_altar_orc
Orc:2:    st_orc_rangers, layout_diamond_mine, serial_shops,
          nicolae_shop_hallway_plus, shop, nicolae_shop_dealshenge, shop,
          mines2_david

Skill      XL: |  1  2  3  4  5  6  7  8  9 10 11 12 13 14 15 16 17 |
---------------+----------------------------------------------------+-----
Ranged Weapons | 6 7 9 11 14 16 18 20 21 | 21.9
Fighting       | 2 3 4 5 6 9 10 11 13 15 | 15.0
Armour         | 2 3 4 5 6 7 8 |  8.0
Dodging        | 3 5 8 9 12 15 18 21 22 | 22.0
Invocations    | 4 6 10 | 10.1
Stealth        | |  1.2

Action                     |  1- 3 |  4- 6 |  7- 9 | 10-12 | 13-15 | 16-18 || total
---------------------------+-------+-------+-------+-------+-------+-------++-------
   Fire: Shortbow          |    13 |       |       |       |       |       ||    13
         Longbow           |    31 |    39 |   240 |   492 |  1085 |   848 ||  2735
 Invoke: Heroism           |       |       |     9 |    25 |    29 |    26 ||    89
         Finesse           |       |       |       |       |     6 |     1 ||     7
    Use: Scroll            |     6 |     4 |     6 |    10 |     6 |     4 ||    36
         Potion            |       |     2 |     2 |     3 |     2 |     6 ||    15
 Armour: Ring mail         |     1 |     3 |    42 |    34 |       |       ||    80
         Troll leather arm |       |       |       |    29 |    49 |       ||    78
         Leather armour    |       |       |       |       |       |    44 ||    44
  Dodge: Dodged            |       |     2 |    57 |   150 |   350 |   464 ||  1023
  Block: Other             |       |       |       |       |    87 |       ||    87
         Reflection        |       |       |       |       |    17 |       ||    17

Table legend:
 A = Non-vault XP
 B = Vault XP
 C = Vault XP percentage of total XP
 D = Non-vault monster count
 E = Vault monster count
 F = Vault count percentage of total count
                 A         B        C        D         E       F
            +---------+---------+-------+---------+---------+-------
      Total |  171507 |  112653 |  39.6 |     656 |     306 |  31.8
            +---------+---------+-------+---------+---------+-------
        D:1 |      11 |       0 |   0.0 |       6 |       0 |   0.0
        D:2 |      57 |       0 |   0.0 |      16 |       0 |   0.0
        D:3 |      67 |       0 |   0.0 |      21 |       0 |   0.0
        D:4 |     166 |     581 |  77.8 |      15 |       7 |  31.8
        D:5 |     679 |       0 |   0.0 |      19 |       0 |   0.0
        D:6 |     969 |       0 |   0.0 |      22 |       0 |   0.0
        D:7 |    1206 |       0 |   0.0 |      27 |       0 |   0.0
        D:8 |    1608 |    3183 |  66.4 |      27 |      20 |  42.6
        D:9 |    1520 |       0 |   0.0 |      17 |       0 |   0.0
       D:10 |    3460 |    1508 |  30.4 |      20 |       8 |  28.6
       D:11 |    3060 |    2496 |  44.9 |      32 |      24 |  42.9
       D:12 |    3186 |     882 |  21.7 |      18 |       1 |   5.3
       D:13 |    8135 |    1488 |  15.5 |      17 |       3 |  15.0
       D:14 |    6898 |    8536 |  55.3 |      13 |      25 |  65.8
       D:15 |   16055 |    9322 |  36.7 |      32 |      15 |  31.9
     Lair:1 |   10061 |     754 |   7.0 |      39 |       4 |   9.3
     Lair:2 |    8422 |    1370 |  14.0 |      35 |       3 |   7.9
     Lair:3 |    6146 |       0 |   0.0 |      19 |       0 |   0.0
     Lair:4 |    3603 |       0 |   0.0 |      13 |       0 |   0.0
     Lair:5 |    8414 |   17965 |  68.1 |      20 |      50 |  71.4
    Swamp:1 |    8085 |       0 |   0.0 |      16 |       0 |   0.0
    Swamp:2 |    8832 |    2840 |  24.3 |      21 |       6 |  22.2
    Swamp:3 |   10057 |       0 |   0.0 |      17 |       0 |   0.0
    Snake:1 |   15616 |    5078 |  24.5 |      31 |       8 |  20.5
    Snake:2 |    3027 |    6142 |  67.0 |       5 |       9 |  64.3
    Snake:3 |   21326 |   14736 |  40.9 |      39 |      29 |  42.6
    Snake:4 |   15954 |   25410 |  61.4 |      32 |      30 |  48.4
      Orc:1 |    2653 |     122 |   4.4 |      35 |       3 |   7.9
      Orc:2 |    2234 |    5812 |  72.2 |      32 |      45 |  58.4
   Gauntlet |       0 |    4428 | 100.0 |       0 |      16 | 100.0
            +---------+---------+-------+---------+---------+-------
